 Dungeon Crawl Stone Soup version 0.15.0-22-g71df38d (console) character file.

65 gw the Bolt Thrower (level 4, -1/26 HPs)
             Began as a Kobold Hunter on Sept 8, 2014.
             Slain by gw's ghost (2 damage)
             ... on Level 3 of the Dungeon.
             The game lasted 00:01:10 (2298 turns).

gw the Bolt Thrower (Kobold Hunter)                 Turns: 2298, Time: 00:01:10

HP  -1/26        AC  5     Str 10      XL: 4   Next: 35%
MP   0/4         EV 11     Int  9      God:
Gold 0           SH  0     Dex 17      Spells:  0 memorised,  3 levels left

rFire  . . .     SeeInvis .     a - +0 short sword
rCold  . . .     Clarity  .     m - +0 ring mail
rNeg   . . .     rCorr    .     (no shield)
rPois  .         rRot     .     (no helmet)
rElec  .         Spirit   +     (no cloak)
SustAb .         Warding  .     (no gloves)
rMut   .         Stasis   .     (no boots)
Gourm  .                        i - amulet of guardian spirit
MR     .....                    (no ring)
                                (no ring)

@: not resistant to hostile enchantments, very unstealthy
A: carnivore 3
a: no special abilities


You were on level 3 of the Dungeon.
You were not hungry.

You visited 1 branch of the dungeon, and saw 3 of its levels.

Inventory:

Hand weapons
 a - a +0 short sword (weapon)
 b - a +1 hand crossbow
Missiles
 c - 28 bolts
Armour
 m - a +0 ring mail (worn)
Comestibles
 f - a meat ration
 l - a beef jerky
Scrolls
 h - 3 scrolls of identify
Jewellery
 i - an amulet of guardian spirit (around neck)
Potions
 e - a potion of curing


   Skills:
 + Level 1.8 Fighting
 + Level 1.5 Short Blades
 * Level 5.8 Crossbows
 + Level 3.2 Dodging
 - Level 1.3 Stealth


You had 3 spell levels left.
You didn't know any spells.

Dungeon Overview and Level Annotations

Branches:
Dungeon (3/15)

Altars:
Okawaru
Zin

Annotations:
D:3 gw's ghost, average KoHu


Innate Abilities, Weirdness & Mutations

You are small and have problems with some larger weapons.
You are carnivorous and can eat meat at any time.


Message History

ATTACKING (-1,-1)
You barely miss gw's ghost.
Gw's ghost is moderately damaged.
Gw's ghost hits you but does no damage. The goblin barely misses you.
FLEEEEING!
ATTACKING (-1,-1)
You barely miss gw's ghost.
Gw's ghost is moderately damaged.
Gw's ghost hits you. The goblin hits you but does no damage.
FLEEEEING!
ATTACKING (-1,-1)
Your ring mail prevents you from hitting gw's ghost.
Gw's ghost is moderately damaged.
Gw's ghost hits you but does no damage. The goblin barely misses you.
FLEEEEING!
ATTACKING (-1,-1)
You barely miss gw's ghost.
Gw's ghost is lightly damaged.
Gw's ghost hits you.
You die...

### ....# ##
.....######## ..+
......+....W># #
.....######K# ...#
#g#
#########.######r#
.............$...##
#####........$....#
#..........(..#
#................#
##.....>..........#
..................#


You could see gw's ghost, a goblin and a rat.

Table legend:
 A = Turns spent in this place as a percentage of turns spent in the entire game.
 B = Non-inter-level travel turns spent in this place as a percentage of non-inter-level travel turns spent in the entire game.
 C = Inter-level travel turns spent in this place as a percentage of turns spent in this place.
 D = Turns resting spent in this place as a percentage of non-inter-level travel turns spent in this place.
 E = Turns spent auto-exploring this place as a percentage of non-inter-level travel turns spent in this place.
 F = Non-inter-level travel turns spent in this place divided by the number of levels of this place that you've seen.
                   A       B       C       D       E      F
               +-------+-------+-------+-------+-------+----------------------
         Total | 100.0 | 100.0 |   0.7 |   2.7 |  20.2 | 196.3
       Dungeon | 100.0 | 100.0 |   0.7 |   2.7 |  20.2 | 196.3
               +-------+-------+-------+-------+-------+----------------------

Table legend:
 A = Kills in this place as a percentage of kills in entire the game.
 B = Kills by you in this place as a percentage of kills by you in the entire game.
 C = Kills by friends in this place as a percentage of kills by friends in the entire game.
 D = Other kills in this place as a percentage of other kills in the entire game.
 E = Experience gained in this place as a percentage of experience gained in the entire game.
 F = Experience gained in this place divided by the number of levels of this place that you have seen.
                   A       B       C       D       E      F
               +-------+-------+-------+-------+-------+----------------------
         Total | 100.0 | 100.0 |  -nan |  -nan | 100.0 |  31.3
       Dungeon | 100.0 | 100.0 |  -nan |  -nan | 100.0 |  31.3
               +-------+-------+-------+-------+-------+----------------------

Vanquished Creatures
  2 adders (D:2)
  2 giant geckos
  2 bats
  6 goblins
  5 hobgoblins
  5 kobolds
  2 quokkas (D:2)
  A ball python (D:1)
  2 giant cockroaches
  6 giant newts
  20 rats
53 creatures vanquished.

Notes
Turn   | Place    | Note
--------------------------------------------------------------
     0 | D:1      | gw, the Kobold Hunter, began the quest for the Orb.
     0 | D:1      | Reached XP level 1. HP: 12/12 MP: 1/1
    19 | D:1      | Reached skill level 5 in Crossbows
   207 | D:1      | Reached XP level 2. HP: 16/16 MP: 2/2
   373 | D:1      | Found an iron altar of Okawaru.
   567 | D:1      | Reached skill level 1 in Short Blades
   674 | D:1      | Reached XP level 3. HP: 20/20 MP: 3/3
   941 | D:2      | Found a glowing silver altar of Zin.
  1538 | D:2      | Reached XP level 4. HP: 25/25 MP: 4/4
  2173 | D:3      | Noticed gw's ghost (average KoHu)
  2296 | D:3      | HP: 1/26 [gw's ghost (3)]
  2298 | D:3      | Slain by gw's ghost

Action                   |  1- 3 |  4- 6 || total
-------------------------+-------+-------++-------
Melee: Short sword       |    40 |    23 ||    63
 Fire: Hand crossbow     |    45 |     9 ||    54
  Use: Scroll            |     5 |     4 ||     9
       Potion            |     1 |     4 ||     5
  Eat: Chunk             |     1 |     7 ||     8

Vault maps used:
D:1:      erik_arrival_orb_chamber, okawaru_ov_weapons_minmay
D:2:      overflow_temple_1_default, minmay_hedge_maze
